 Dungeon Crawl Stone Soup version 0.29-a0-384-g6960b1960d (webtiles) character file.

Game seed: 10307434602750120761

198 pokeman the Magician (level 5, 0/43 HPs)
             Began as a Deep Elf Hedge Wizard on May 7, 2022.
             Succumbed to Edmund's poison
             ... on level 4 of the Dungeon.
             The game lasted 00:06:24 (4254 turns).

pokeman the Magician (Deep Elf Hedge Wizard)        Turns: 4254, Time: 00:06:24

Health: 0/43       AC: 22    Str:  7    XL:     5   Next: 47%
Magic:  10/15      EV:  2    Int: 21    God:
Gold:   192        SH:  0    Dex: 14    Spells: 5/16 levels left

rFire   . . .      SeeInvis .   q - +2 dagger (venom)
rCold   . . .      Faith    .   (no shield)
rNeg    . . .      Spirit   .   (body armour currently unavailable)
rPois   +          Reflect  .   (helmet currently unavailable)
rElec   .          Harm     .   (cloak currently unavailable)
rCorr   .          Rampage  .   (gloves currently unavailable)
Will    .....      NoTele   +   (boots currently unavailable)
Stlth   ++........              (no amulet)
HPRegen 0.14/turn               (no ring)
MPRegen 0.14/turn               (no ring)

@: lethally poisoned (0 -> -8), tree-form
A: stationary, stasis, torment immunity, boosted hp
a: no special abilities


You were on level 4 of the Dungeon.
You were a tree.
You visited 1 branch of the dungeon, and saw 4 of its levels.

You collected 192 gold pieces.

Inventory:

Hand Weapons
 q - a +2 dagger of venom (weapon)
Armour
 b - a +0 robe (melded)
 s - a +0 helmet (melded)
 y - a +0 pair of gloves (melded)
Scrolls
 a - 6 scrolls of identify {unknown}
 f - a scroll of brand weapon {unknown}
 h - a scroll of immolation {unknown}
 i - 3 scrolls of enchant armour {unknown}
 k - a scroll of blinking {unknown}
 l - 2 scrolls of teleportation {unknown}
 p - a scroll of vulnerability {unknown}
 t - a scroll of amnesia {unknown}
 u - 2 scrolls of fear {unknown}
 v - a scroll of enchant weapon {unknown}
 w - a scroll of magic mapping {unknown}
 x - a scroll of fog {unknown}
Potions
 d - a potion of magic
 e - 2 potions of curing {unknown}
 g - a potion of mutation {unknown}
 j - a potion of attraction {unknown}
 m - a potion of degeneration {unknown}
 n - a potion of heal wounds {unknown}
 o - a potion of flight {unknown}
 r - a potion of ambrosia {unknown}


   Skills:
 - Level 1.0 Fighting
 - Level 1.0 Armour
 - Level 3.0 Dodging
 + Level 2.8 Stealth
 * Level 6.3 Spellcasting
 + Level 2.6 Conjurations
 - Level 1.1 Summonings
 - Level 1.1 Translocations
 - Level 1.0 Fire Magic
 - Level 1.0 Air Magic
 + Level 0.0 Poison Magic


You had 5 spell levels left.
You knew the following spells:

 Your Spells              Type           Power      Damage    Failure   Level
a - Magic Dart            Conj           68%        1d6       3%          1
b - Mephitic Cloud        Conj/Pois/Air  11%        N/A       17%         3
c - Call Imp              Summ           11%        N/A       9%          2
d - Blink                 Tloc           22%        N/A       9%          2
e - Conjure Flame         Conj/Fire      14%        6-21      13%         3

Your spell library contained the following spells:

 Spells                   Type           Power      Damage    Failure   Level
 Apportation              Tloc           22%        N/A       6%          1
 Animate Skeleton         Necr           12%        N/A       10%         1
 Pain                     Necr           24%        1d5       10%         1
 Slow                     Hex            24%        N/A       10%         1
 Corpse Rot               Necr/Air       16%        N/A       12%         2
 Poisonous Vapours        Pois/Air       16%        N/A       12%         2
 Gell's Gravitas          Tloc           11%        N/A       19%         3
 Lesser Beckoning         Tloc           11%        N/A       19%         3
 Teleport Other           Tloc           11%        N/A       19%         3
 Ignite Poison            Fire/Tmut/Pois 8%         N/A       24%         3
 Vampiric Draining        Necr           6%         2d6       28%         3
 Sticky Flame             Conj/Fire      14%        2d4       41%         4
 Agony                    Necr           6%         N/A       95%         5
 Alistair's Intoxication  Tmut/Pois      4%         N/A       95%         5
 Excruciating Wounds      Necr           3%         N/A       95%         5


Dungeon Overview and Level Annotations

Branches:
Dungeon (4/15)
 Temple: D:4-7

Altars:
Nemelex Xobeh

Annotations:
D:4 Edmund


Message History

Casting: Magic Dart (safe; 3% risk of failure)
Confirm with . or Enter, or press ? or * to list all spells.
The spell is quite dangerous to miscast (13% risk of failure)!
Continue anyway?
The fire begins to smoulder!
The fire ignites!
Casting: Conjure Flame (quite dangerous; 13% risk of failure)
Confirm with . or Enter, or press ? or * to list all spells.
The spell is quite dangerous to miscast (17% risk of failure)!
Continue anyway?
Aiming: Mephitic Cloud (quite dangerous; 17% risk of failure)
Press: ? - help, Shift-Dir - straight line, f/p - Edmund
Aim: Edmund, wielding a +1 flail of venom and wearing a +0 chain mail (chance to affect: 81%)
The ball explodes into a vile cloud!
The stinking cloud engulfs Edmund but does no damage.
You hear an angry hiss.
Edmund is engulfed in noxious fumes.
Edmund appears confused.
Edmund laughs crazily.
Unknown command.
You hit Edmund but do no damage.
Edmund is poisoned.
Edmund is engulfed in blazing flames.
Edmund hits you with a +1 flail of venom!
You hit Edmund.
Edmund is moderately wounded.
Edmund is engulfed in blazing flames.
Edmund hits you with a +1 flail of venom!
Edmund hits himself but does no damage.
Edmund looks as sick as possible!
You strike the helpless Edmund from behind!
You hit Edmund.
Edmund looks as sick as possible!
Edmund is severely wounded.
You hit Edmund.
Edmund is almost dead.
Edmund is engulfed in blazing flames.
Edmund hits you with a +1 flail of venom!
* * * LOW HITPOINT WARNING * * *
You are lethally poisoned!
Unknown command.
It was a potion of lignification.
You turn into a tree.
Your +0 helmet melds into your body.
Your +0 pair of gloves melds into your body.
Your +0 robe melds into your body.
Your roots penetrate the ground.
You die...

#.....###
#..#....##
#..#.....#
###........##
.......)....##
..###.......#
#.###..#...##
#......####@#
#.....####.♣#
#.....#.#<..# ###
#..........#####.##
#....#..#.....#...#
#..###..#.........#
...#
#.........##..#
..##
...........##### ..
#..##..#..### #...
#######


You could see Edmund (confused, extremely poisoned).

Vanquished Creatures
  A hound (D:3)
  Jessica (D:2)
  An orc wizard (D:3)
  2 adders
  A shadow imp (D:3)
  3 dart slugs
  6 orcs (D:3)
  10 endoplasms
  A giant cockroach (D:3)
  6 goblins
  6 hobgoblins
  7 kobolds
  7 quokkas
  11 ball pythons
  4 bats
  6 frilled lizards
  4 rats
77 creatures vanquished.

Notes
Turn   | Place    | Note
-------+----------+-------------------------------------------
     0 | D:1      | pokeman the Deep Elf Hedge Wizard began the quest for the
                  | Orb.
     0 | D:1      | Reached XP level 1. HP: 10/10 MP: 7/7
   365 | D:1      | Reached XP level 2. HP: 12/16 MP: 5/9
   759 | D:1      | Found a faded altar of an unknown god.
  1012 | D:1      | Reached skill level 5 in Spellcasting
  1166 | D:1      | Reached XP level 3. HP: 18/20 MP: 2/11
  1173 | D:1      | Learned a level 3 spell: Mephitic Cloud
  1176 | D:1      | Learned a level 2 spell: Call Imp
  1179 | D:1      | Learned a level 2 spell: Blink
  1183 | D:1      | Learned a level 3 spell: Conjure Flame
  1707 | D:2      | Reached skill level 1 in Fighting
  1707 | D:2      | Reached skill level 1 in Armour
  1912 | D:2      | Found a sparkling altar of Nemelex Xobeh.
  1946 | D:2      | Noticed Jessica
  1956 | D:2      | Killed Jessica
  1957 | D:2      | Reached XP level 4. HP: 21/25 MP: 2/13
  2872 | D:3      | Reached skill level 1 in Fire Magic
  3152 | D:3      | Reached skill level 6 in Spellcasting
  3180 | D:3      | Reached XP level 5. HP: 3/29 MP: 10/15
  3736 | D:3      | Reached skill level 1 in Air Magic
  4237 | D:4      | Noticed Edmund
  4253 | D:4      | HP: 1/29 [Edmund/+1 flail of venom (11)]
  4254 | D:4      | Succumbed to Edmund's poison

Illustrated notes

Levels and vault maps discovered:
D:1:      minmay_arrival_four_circles, layout_rooms,
          shapermc_ecumenical_altar_venn
D:2:      minmay_general_purpose_star, layout_basic, basic_altar,
          minmay_tree_intersection, kennysheep_jessica_study
D:3:      layout_loops_ring
D:4:      layout_cave_pools, mainiacjoe_overflow_chevrons, serial_shops,
          nicolae_take_the_stairs, uniq_edmund

Skill      XL: |  1  2  3  4  5 |
---------------+----------------+-----
Spellcasting   | 5 6 |  6.3
Fighting       | 1 |  1.0
Armour         | 1 |  1.0
Conjurations   | 2 |  2.6
Fire Magic     | 1 |  1.0
Dodging        | 3 |  3.0
Air Magic      | 1 |  1.0
Stealth        | |  2.8
Summonings     | |  1.1
Translocations | |  1.1

Action                   |  1- 3 |  4- 6 || total
-------------------------+-------+-------++-------
Melee: Dagger            |     6 |    13 ||    19
 Cast: Magic Dart        |   108 |    81 ||   189
       Mephitic Cloud    |       |     2 ||     2
       Conjure Flame     |       |     1 ||     1
  Use: Potion            |       |     1 ||     1
 Stab: Confused          |       |     1 ||     1
Armor: Robe              |     2 |     6 ||     8
Dodge: Dodged            |    12 |    16 ||    28

Table legend: (Time is in decaauts)
 A = Elapsed time spent in this place.
 B = Non-inter-level travel time spent in this place.
 C = Inter-level travel time spent in this place.
 D = Time resting spent in this place.
 E = Time spent auto-exploring this place.
 F = Levels seen in this place.
 G = Mean time per level.
                   A        B        C        D        E       F      G
               +--------+--------+--------+--------+--------+-----+--------+
         Total |   4257 |   4178 |     79 |    311 |   3407 |   4 | 1064.2 |
       Dungeon |   4257 |   4178 |     79 |    311 |   3407 |   4 | 1064.2 |
               +--------+--------+--------+--------+--------+-----+--------+

Top non-repeatable levels by time:
     D:2: 1422 daAuts
     D:1: 1406 daAuts
     D:3: 1372 daAuts
     D:4: 55 daAuts
